Map: Orbital Shipyard

Players

Bop - Winner!

  • Race: Zerg Zerg

Bones

  • Race: Protoss Protoss

VOD

Have the link to the VOD?

Description

Time

  • Played on: May 1, 2015, 3:17 a.m.
  • Length: 5:05
Show
View Real Time Build Order
Export as new Build Order

Bop Zerg - Winner!

Build Orders: Pool First 

Get SALT Encoding   

  12  0:01  Drone  
  13  0:09  Drone  
  14  0:28  Spawning Pool  
  13  0:32  Drone, Extractor  
  13  0:34  Drone  
  14  0:43  Drone, Extractor  
  15  0:59  Overlord  
  15  1:15  Roach Warren  
  15  1:16  Queen  
  16  1:32  Metabolic Boost  
  16  1:48  Overlord  
  16  1:56  Roach x2  
  20  2:02  Roach  
  22  2:12  Zergling x2  
  23  2:21  Zergling x2  
  24  2:26  Zergling x2  
  24  2:27  Zergling x4  
  24  2:28  Zergling x2  
  28  2:35  Overlord  
  28  2:57  Zergling x6  
  28  2:58  Zergling x4  
  33  3:01  Ravager x2  
  35  3:17  Zergling x2  
  35  3:18  Zergling x2  
  37  3:25  Ravager  
  34  3:32  Zergling x4  
  34  3:49  Drone  
  34  3:55  Drone  
  35  4:09  Drone  
  31  4:20  Zergling x2  
  31  4:21  Zergling x6  
  34  4:28  Drone  
  31  4:34  Overlord  
  30  4:44  Drone  
  29  4:46  Drone  
  29  4:49  Hatchery  
Show
View Real Time Build Order
Export as new Build Order

Bones Protoss 

Build Orders: Nexus First 

Get SALT Encoding   

  12  0:01  Probe  
  13  0:13  Probe  
  14  0:41  Nexus  
  14  0:51  Pylon  
  14  1:09  Gateway, Probe (Chrono Boost)  
  16  1:20  Probe (Chrono Boost)  
  16  1:26  Probe (Chrono Boost)  
  17  1:35  Probe (Chrono Boost)  
  17  1:38  Assimilator  
  17  1:39  Assimilator  
  18  1:43  Probe (Chrono Boost)  
  19  1:54  Probe (Chrono Boost)  
  20  1:58  Probe (Chrono Boost)  
  20  2:00  Probe  
  20  2:01  Cybernetics Core  
  22  2:02  Zealot  
  24  2:09  Probe  
  24  2:12  Probe  
  26  2:21  Probe  
  26  2:26  Gateway  
  26  2:29  Probe  
  27  2:33  Probe  
  27  2:35  Mothership Core  
  28  2:38  Stalker (Chrono Boost)  
  32  2:50  Pylon  
  32  2:53  Gateway  
  32  3:01  Stalker (Chrono Boost)  
  34  3:14  Pylon  
  34  3:16  Stalker (Chrono Boost)  
  22  3:39  Stalker (Chrono Boost)  
  22  3:47  Stalker (Chrono Boost)  
  17  3:49  Stalker (Chrono Boost)  
  6  4:15  Probe  
Tags
 
Add a new tag
Caveats
  • Supply blocks, unpowered buildings, or Contaminate may cause inaccurate times.
  • Supply counts are checked every 10 seconds.